 Dungeon Crawl Stone Soup version 0.28.0-53-g5a82cb258f (webtiles) character file.

Game seed: 13493708689367173991

39 H0rd4k the Charlatan (level 3, -1/25 (26) HPs)
             Began as a Human Artificer on July 4, 2022.
             Slain by Grinder (2 damage)
             ... while paralysed by Grinder
             ... on level 3 of the Dungeon.
             The game lasted 00:03:02 (3238 turns).

H0rd4k the Charlatan (Human Artificer)              Turns: 3238, Time: 00:03:03

HP:   -1/25 (26)    AC:  3    Str: 12    XL:     3   Next: 70%
MP:   0/3           EV:  2    Int: 13    God:
Gold: 108           SH:  0    Dex: 13    Spells: 2/2 levels left

rFire   . . .      SeeInvis .   p - +1 whip (elec)
rCold   + . .      Faith    .   (no shield)
rNeg    . . .      Spirit   +   b - +0 leather armour
rPois   .          Reflect  .   (no helmet)
rElec   .          Harm     .   (no cloak)
rCorr   .          Rampage  .   (no gloves)
Will    .....                   (no boots)
Stlth   +.........              f - amulet of guardian spirit
HPRegen 0.08/turn               j - ring of protection from cold
MPRegen 0.08/turn               (no ring)

@: paralysed, lightly drained
A: no striking features
a: no special abilities


You were on level 3 of the Dungeon.
You visited 1 branch of the dungeon, and saw 3 of its levels.

You collected 108 gold pieces.

Inventory:

Hand Weapons
 p - a +1 whip of electrocution (weapon)
 q - a +0 dagger of draining
Armour
 b - a +0 leather armour (worn)
Jewellery
 f - an amulet of guardian spirit (around neck)
 j - a ring of protection from cold (left hand)
 l - an amulet of magic regeneration
 o - an amulet of the acrobat
 r - a ring of see invisible
Wands
 c - a wand of flame (13) (quivered)
 d - a wand of charming (15)
Scrolls
 g - 3 scrolls of identify {unknown}
 h - a scroll of enchant weapon {unknown}
 i - a scroll of teleportation {unknown}
 m - a scroll of noise {unknown}
Potions
 a - a potion of magic {unknown}
 k - a potion of resistance {unknown}
 n - 2 potions of mutation {unknown}
Miscellaneous
 e - a piece from Xom's chessboard (15/15)


   Skills:
 + Level 1.1 Fighting
 + Level 1.6 Maces & Flails
 - Level 2.0 Armour
 + Level 1.3 Dodging
 - Level 1.0 Stealth
 + Level 3.7 Evocations


You had 2 spell levels left.
You didn't know any spells.
Your spell library contained the following spells:

 Spells                   Type           Power      Damage    Failure   Level
 Beastly Appendage        Tmut           0%         N/A       36%         1
 Shock                    Conj/Air       0%         1d3       36%         1
 Sublimation of Blood     Necr           0%         N/A       52%         2
 Wereblood                Tmut           0%         N/A       52%         2
 Dazzling Flash           Conj/Hex       0%         N/A       75%         3
 Spider Form              Tmut/Pois      0%         N/A       75%         3
 Swiftness                Air            0%         N/A       75%         3
 Airstrike                Air            0%         N/A       98%         4
 Agony                    Necr           0%         N/A       100%        5
 Silence                  Hex/Air        0%         N/A       100%        5
 Summon Forest            Summ/Tloc      0%         N/A       100%        5
 Eringya's Noxious Bog    Tmut/Pois      0%         N/A       100%        6
 Summon Hydra             Summ           0%         N/A       100%        7


Dungeon Overview and Level Annotations

Branches:
Dungeon (3/15)

Altars:

Annotations:
D:2 exclusion: upstairs
D:3 Grinder


Message History

Found a book of Blood.
The goblin throws a stone.
The stone closely misses you.
Found a book of Changes.
The goblin closely misses you.
You hit the goblin.
The goblin is heavily wounded.
The goblin barely misses you.
You hit the goblin.
You kill the goblin!
No target in view!
No target in view!
No target in view!
No target in view!
No target in view!
No target in view!
No target in view!
No target in view!
Things that are here:
a +0 dagger; 18 stones; a goblin corpse You pick up a book of Changes and begin reading...
You add the spells Beastly Appendage, Wereblood and Spider Form to your library.
Found a stone staircase leading up.
You pick up a book of Blood and begin reading...
You add the spell Sublimation of Blood to your library.
r - a ring of see invisible A worm comes into view.
A worm is nearby!
A worm is nearby!
Grinder comes into view.
A quokka comes into view.
Grinder gestures at you.
You suddenly lose the ability to move!
Grinder gestures at you. Pain shoots through your body! The worm bites you.
Grinder says, "You look like you could use a good racking."
Grinder hits you. The worm bites you!
* * * LOW HITPOINT WARNING * * *
Grinder hits you.
You die...

... ...
.....######### ...
............. ...
............
....................
...................
................r.
...............5w####
................@...#
....................#
....................#
.................####
.................#
.................###
.......<...........#
...................#
...................#


You could see Grinder, a worm and a quokka.

Vanquished Creatures
  A dart slug (D:1)
  3 ball pythons
  5 endoplasms
  4 giant cockroaches
  4 goblins
  4 hobgoblins
  A quokka (D:1)
  4 bats
  5 frilled lizards
  2 kobolds (D:1)
  2 rats
35 creatures vanquished.

Notes
Turn   | Place    | Note
-------+----------+-------------------------------------------
     0 | D:1      | H0rd4k the Human Artificer began the quest for the Orb.
     0 | D:1      | Reached XP level 1. HP: 15/15 MP: 1/1
   586 | D:1      | Reached XP level 2. HP: 21/21 MP: 2/2
  1123 | D:1      | Reached skill level 1 in Maces & Flails
  1181 | D:1      | Reached XP level 3. HP: 25/26 MP: 3/3
  2494 | D:2      | Found a faded altar of an unknown god.
  2516 | D:2      | Noticed a phantom
  3231 | D:3      | Noticed Grinder
  3233 | D:3      | Paralysed by Grinder for 7 turns
  3238 | D:3      | HP: 1/25 [worm (8)]
  3238 | D:3      | Slain by Grinder

Illustrated notes

Levels and vault maps discovered:
D:1:      nzn_arrival_settlement, layout_basic
D:2:      layout_basic, basic_ecumenical_altar, grunt_ministairs_2
D:3:      layout_basic, uniq_grinder

Skill      XL: |  1  2 |
---------------+-------+-----
Maces & Flails | 1 |  1.6
Fighting       | |  1.1
Armour         | |  2.0
Dodging        | |  1.3
Stealth        | |  1.0
Evocations     | |  3.7

Action                   || total
-------------------------++-------
Melee: Club              ||   112
       Punch             ||     2
       Whip              ||    33
Evoke: Wand              ||     2
 Stab: Sleeping          ||     1
Armor: Leather armour    ||    45
Dodge: Dodged            ||   114
